AoeStats
← [CCMP] Lopez

Oasis

509738173Analyzed
3v3 RM · 4d ago on Sep 27, 2026· 44m 28s· 6 players
Game mode
Random Map
Map size
Normal (6 player)
Population
200
Speed
Normal
Resources
Standard
Victory
Conquest
Starting age
Dark Age
Ending age
Imperial Age
RankedLock teamsTeams togetherTeam positionsShared explorationLock speedFull tech treeHidden civsTurbo modeCheats
Victory
Defeat
🇵🇪 Danes · Peru
1201
+12
🇵🇪 Portuguese · Peru
1186
+13
🇵🇪 Saxons · Peru
1124
+15
🇨🇴 Magyars · Colombia
1171
-16
🇮🇪 Khmer · Ireland
1135
-14
🇨🇴 Franks · Colombia
1020
-10
[CCMP] Caliche
6:40 Loom
9:37 Feudal Age
9:45 Man-at-Arms
10:13 Double-Bit Axe
12:32 Town Watch
16:45 Fletching
19:14 Padded Archer Armor
25:10 Castle Age
25:15 Crossbowman
26:55 Leather Archer Armor
27:20 Gold Mining
32:40 Long Swordsman
36:51 Horse Collar
38:34 Scale Mail Armor
40:04 Heavy Plow
42:02 Scale Barding Armor
43:06 Wheelbarrow
43:56 Bodkin Arrow
44:02 Husbandry
[CCMP] Lopez
0:41 Loom
11:45 Feudal Age
15:50 Castle Age
14:13 Double-Bit Axe
14:45 Scale Barding Armor
16:36 Wheelbarrow
17:00 Bow Saw
17:58 Husbandry
18:33 Forging
23:00 Chain Barding Armor
26:55 Iron Casting
27:06 Town Watch
28:31 Hand Cart
28:18 Gold Mining
28:18 Stone Mining
36:30 Gold Shaft Mining
40:19 Imperial Age
37:55 Scale Mail Armor
39:40 Murder Holes
40:05 Ballistics
39:56 Masonry
39:27 Treadmill Crane
41:06 Chivalry
41:26 Conscription
41:42 Hoardings
40:41 Cavalier
42:49 Blast Furnace
42:36 Caravan
45:23 Chemistry
44:54 Architecture
44:29 Siege Engineers
[CCMP] Diekrak
6:41 Loom
9:28 Feudal Age
10:12 Double-Bit Axe
10:11 Horse Collar
12:40 Wheelbarrow
19:45 Castle Age
18:01 Gold Mining
21:53 Crossbowman
25:55 Fletching
27:51 Bodkin Arrow
28:52 Bow Saw
35:02 Scale Barding Armor
35:07 Forging
36:15 Bloodlines
44:37 Gold Shaft Mining
lgp1991
12:29 Feudal Age
13:04 Loom
15:42 Fletching
16:43 Double-Bit Axe
17:18 Padded Archer Armor
18:10 Wheelbarrow
17:36 Town Watch
21:45 Castle Age
19:56 Horse Collar
22:07 Forging
21:55 Crossbowman
23:39 Hand Cart
24:42 Bodkin Arrow
28:14 Thumb Ring
31:09 Bloodlines
31:20 Scale Barding Armor
33:16 Gold Mining
36:38 Ballistics
39:39 Pikeman
40:33 Arson
43:20 Imperial Age
43:57 Arbalester
44:45 Bracer
Chi Jau Kay
1:47 Loom
11:16 Feudal Age
17:23 Castle Age
32:33 Fletching
32:46 Scale Mail Armor
33:02 Double-Bit Axe
35:59 Fletching
38:54 Wheelbarrow
45:02 Imperial Age
44:09 Hand Cart
44:41 Bodkin Arrow
dime
10:09 Feudal Age
14:18 Castle Age
12:11 Double-Bit Axe
12:38 Horse Collar
15:35 Bow Saw
15:48 Heavy Plow
22:21 Scale Mail Armor
22:45 Squires
22:31 Gambesons
22:38 Gambesons
24:04 Wheelbarrow
24:52 Chain Mail Armor
25:15 Gold Mining
27:01 Stone Mining
29:07 Hand Cart
28:37 Town Watch
28:48 Arson
33:39 Gold Shaft Mining
33:40 Stone Shaft Mining
32:49 Pikeman
34:25 Forging
35:48 Iron Casting
38:04 Imperial Age
38:22 Elite Varangian Guard
40:10 Blast Furnace
39:41 Plate Mail Armor
42:59 Conscription
42:12 Hamask
44:27 Fletching
45:13 Coinage
Connection lost

Rejoining the realm…

Still unreachable

The connection could not be restored.

Session expired

The server has moved on; the page needs a fresh start.